 Dungeon Crawl Stone Soup version 0.29-a0-414-g5075937ec3 (webtiles) character file.

Game seed: 2750590086424451885

72 purpskrrrp the Cruncher (level 4, -1/34 HPs)
             Began as a Gnoll Wanderer on May 16, 2022.
             Slain by Crazy Yiuf
             ... wielding a +4 quarterstaff of chaos
              (3 damage)
             ... on level 2 of the Dungeon.
             The game lasted 00:07:20 (2239 turns).

purpskrrrp the Cruncher (Gnoll Wanderer)            Turns: 2239, Time: 00:07:20

Health: -1/34      AC:  4    Str: 11    XL:     4   Next: 25%
Magic:  5/5        EV: 13    Int: 10    God:
Gold:   93         SH:  0    Dex: 15    Spells: 5/5 levels left

rFire   . . .      SeeInvis .   h - +3 short sword
rCold   . . .      Faith    .   (no shield)
rNeg    . . .      Spirit   .   e - +0 leather armour
rPois   .          Reflect  .   (no helmet)
rElec   .          Harm     .   c - +0 cloak
rCorr   .          Rampage  .   (no gloves)
Will    .....                   (no boots)
Stlth   +.........              (no amulet)
HPRegen 0.11/turn               (no ring)
MPRegen 0.09/turn               (no ring)

@: silenced, hasted, invisible, very quick
A: fangs 1, strong nose, distributed training
a: no special abilities


You were on level 2 of the Dungeon.
You visited 1 branch of the dungeon, and saw 2 of its levels.

You collected 93 gold pieces.

Inventory:

Hand Weapons
 a - a +2 mace
 b - a +0 quarterstaff
 h - a +3 short sword (weapon)
 j - a +0 whip of electrocution
Armour
 c - a +0 cloak (worn)
 e - a +0 leather armour (worn)
Wands
 n - a wand of digging (7)
Scrolls
 d - a scroll of teleportation
Potions
 f - a potion of curing {unknown}
 g - a potion of haste
 i - a potion of heal wounds {unknown}
 l - a potion of magic {unknown}
 m - a potion of resistance {unknown}


   Skills:
 + Level 2.7 Fighting
 + Level 1.1 Short Blades
 + Level 1.1 Long Blades
 + Level 1.1 Axes
 + Level 6.6 Maces & Flails
 + Level 1.1 Polearms
 + Level 8.5 Staves
 + Level 1.1 Slings
 + Level 1.1 Bows
 + Level 1.1 Crossbows
 + Level 1.1 Throwing
 + Level 1.1 Armour
 + Level 4.6 Dodging
 + Level 1.1 Stealth
 + Level 1.1 Shields
 + Level 1.1 Unarmed Combat
 + Level 1.1 Spellcasting
 + Level 0.8 Conjurations
 + Level 0.8 Hexes
 + Level 0.8 Summonings
 + Level 0.8 Necromancy
 + Level 0.8 Translocations
 + Level 0.8 Transmutations
 + Level 0.8 Fire Magic
 + Level 0.8 Ice Magic
 + Level 0.8 Air Magic
 + Level 0.8 Earth Magic
 + Level 0.8 Poison Magic
 + Level 1.2 Invocations
 + Level 1.1 Evocations


You had 5 spell levels left.
You didn't know any spells.
Your spell library was empty.

Dungeon Overview and Level Annotations

Branches:
Dungeon (2/15)

Altars:

Annotations:
D:2 Crazy Yiuf


Innate Abilities, Weirdness & Mutations

You have very sharp teeth.
Your uncanny sense of smell can sniff out nearby items.
Your experience applies equally to all skills.


Message History

The kobold drinks a potion.
The kobold seems to grow stronger.
You hit the kobold.
The kobold is severely wounded.
The kobold hits you with a +0 whip.
You hit the kobold.
You kill the kobold!
You now have 93 gold pieces (gained 9).
You see here a +0 whip.
You start resting.
HP restored.
You see here 16 stones.
You open the door.
There is an open door here.
There is a stone staircase leading up here.
You see here a ball python corpse.
There is an open door here.
Crazy Yiuf shouts!
Could not explore, unopened runed door.
As you read the scroll labelled WIRHACZ MEAGGUCA, it crumbles to dust.
A profound silence engulfs you.
It was a scroll of silence.
It was a potion of haste.
You feel yourself speed up.
You open the door.
Crazy Yiuf hits you with a +4 quarterstaff of chaos!
There is an open translucent door, spattered with blood here.
You closely miss Crazy Yiuf.
Crazy Yiuf hits you with a +4 quarterstaff of chaos.
Crazy Yiuf freezes you.
You closely miss Crazy Yiuf. You bite Crazy Yiuf, but do no damage.
You closely miss Crazy Yiuf.
Crazy Yiuf hits you with a +4 quarterstaff of chaos.
You hit Crazy Yiuf. Your bite misses Crazy Yiuf.
Crazy Yiuf is lightly wounded.
Crazy Yiuf hits you with a +4 quarterstaff of chaos!
You fade into invisibility!
You hit Crazy Yiuf.
Crazy Yiuf is moderately wounded.
Crazy Yiuf hits you with a +4 quarterstaff of chaos!
* * * LOW HITPOINT WARNING * * *
Crazy Yiuf burns you.
You die...

############.###.#..#.#....#..###
......>..........................
#####..###.#.###.#..#.#.##.#..#..
#.....#### ###########.#....#
#...### #.##.##. #.....# ####....
#..#### #### ####...###. #.....#
#)..### ##P.#....... #.....#
#..g@.####P........#. #.#####
#...##..#..........#. #.#####
#### ###.#.P.###.#.#. #.....#
#######....... #####.###.#
#.....## ........#.#########
##########.. #####.#.#.#.#.....#
#........'.. #...#.#.#.....#
#..#.#####.. #.#.#.#.#.....#
#..#.# #.#..


You could see Crazy Yiuf (can't see you).

Vanquished Creatures
  Jessica (D:2)
  3 worms (D:2)
  2 dart slugs (D:2)
  A ball python (D:2)
  3 goblins (D:2)
  5 hobgoblins
  5 kobolds
  4 quokkas
  3 bats
  2 frilled lizards (D:1)
  5 rats
34 creatures vanquished.

Notes
Turn   | Place    | Note
-------+----------+-------------------------------------------
     0 | D:1      | purpskrrrp the Gnoll Wanderer began the quest for the Orb.
     0 | D:1      | purpskrrrp set off with the following items: a +2 mace, a
                  | +0 quarterstaff, a +0 cloak, a scroll of teleportation, a
                  | +0 leather armour
     0 | D:1      | Reached XP level 1. HP: 17/17 MP: 1/1
   137 | D:1      | Reached XP level 2. HP: 14/23 MP: 2/2
   348 | D:1      | Found a faded altar of an unknown god.
  1217 | D:2      | Reached XP level 3. HP: 24/28 MP: 3/3
  1312 | D:2      | Noticed Jessica
  1324 | D:2      | Killed Jessica
  1325 | D:2      | Reached skill level 1 in Short Blades
  1325 | D:2      | Reached skill level 1 in Long Blades
  1325 | D:2      | Reached skill level 1 in Axes
  1325 | D:2      | Reached skill level 1 in Polearms
  1325 | D:2      | Reached skill level 1 in Slings
  1325 | D:2      | Reached skill level 1 in Bows
  1325 | D:2      | Reached skill level 1 in Crossbows
  1325 | D:2      | Reached skill level 1 in Throwing
  1325 | D:2      | Reached skill level 1 in Armour
  1325 | D:2      | Reached skill level 1 in Stealth
  1325 | D:2      | Reached skill level 1 in Shields
  1325 | D:2      | Reached skill level 1 in Unarmed Combat
  1325 | D:2      | Reached skill level 1 in Spellcasting
  1325 | D:2      | Reached skill level 1 in Invocations
  1325 | D:2      | Reached skill level 1 in Evocations
  1523 | D:2      | Reached XP level 4. HP: 33/34 MP: 5/5
  2010 | D:2      | Found a runed translucent door.
  2011 | D:2      | Noticed Crazy Yiuf
  2239 | D:2      | Slain by Crazy Yiuf

Illustrated notes

Levels and vault maps discovered:
D:1:      mrwooster_arrival_statue_3, layout_basic,
          shapermc_ecumenical_altar_gd, serial_bayou_pond_a
D:2:      layout_basic, dreamdust_princess_corridor, uniq_jessica,
          uniq_crazy_yiuf_cottage

Skill      XL: |  1  2  3 |
---------------+----------+-----
Short Blades   | 1 |  1.1
Long Blades    | 1 |  1.1
Axes           | 1 |  1.1
Polearms       | 1 |  1.1
Slings         | 1 |  1.1
Bows           | 1 |  1.1
Crossbows      | 1 |  1.1
Throwing       | 1 |  1.1
Armour         | 1 |  1.1
Stealth        | 1 |  1.1
Shields        | 1 |  1.1
Unarmed Combat | 1 |  1.1
Spellcasting   | 1 |  1.1
Invocations    | 1 |  1.2
Evocations     | 1 |  1.1
Fighting       | |  2.7
Maces & Flails | |  6.6
Staves         | |  8.5
Dodging        | |  4.6
Conjurations   | |  0.8
Hexes          | |  0.8
Summonings     | |  0.8
Necromancy     | |  0.8
Translocations | |  0.8
Transmutations | |  0.8
Fire Magic     | |  0.8
Ice Magic      | |  0.8
Air Magic      | |  0.8
Earth Magic    | |  0.8
Poison Magic   | |  0.8

Action                   |  1- 3 |  4- 6 || total
-------------------------+-------+-------++-------
Melee: Mace              |    27 |       ||    27
       Bite              |     6 |     4 ||    10
       Short sword       |    32 |    35 ||    67
       Punch             |     2 |       ||     2
  Use: Potion            |     1 |     1 ||     2
       Scroll            |     3 |     1 ||     4
 Stab: Sleeping          |       |     1 ||     1
Armor: Leather armour    |    18 |     2 ||    20
Dodge: Dodged            |    44 |    15 ||    59

Table legend: (Time is in decaauts)
 A = Elapsed time spent in this place.
 B = Non-inter-level travel time spent in this place.
 C = Inter-level travel time spent in this place.
 D = Time resting spent in this place.
 E = Time spent auto-exploring this place.
 F = Levels seen in this place.
 G = Mean time per level.
                   A        B        C        D        E       F      G
               +--------+--------+--------+--------+--------+-----+--------+
         Total |   2242 |   2198 |     44 |    346 |   1573 |   2 | 1121.0 |
       Dungeon |   2242 |   2198 |     44 |    346 |   1573 |   2 | 1121.0 |
               +--------+--------+--------+--------+--------+-----+--------+

Top non-repeatable levels by time:
     D:2: 1130 daAuts
     D:1: 1112 daAuts
